Map: Prion Terraces

Players

페이커 - Winner!

  • Race: Terran Terran
  • League: Diamond

ILLBdA

  • Race: Zerg Zerg
  • League: Diamond

VOD

Have the link to the VOD?

Description

Time

  • Played on: Dec. 14, 2015, 8:14 a.m.
  • Length: 7:12
Show
View Real Time Build Order
Export as new Build Order

페이커 Terran - Winner!

Build Orders: Liberator Opening 

Get SALT Encoding   

  12  0:01  SCV  
  13  0:13  SCV  
  14  0:17  Supply Depot  
  14  0:26  SCV  
  15  0:33  Refinery  
  15  0:39  SCV  
  16  0:45  Barracks  
  16  0:51  SCV  
  17  1:03  SCV  
  18  1:15  SCV  
  19  1:32  Orbital Command  
  19  1:35  Factory, Marine  
  20  1:41  Supply Depot  
  19  1:48  Refinery  
  19  1:59  Marine  
  19  2:08  SCV  
  20  2:17  Marine  
  20  2:19  Hellion  
  23  2:30  Starport  
  23  2:35  Marine  
  24  2:37  Barracks  
  24  2:44  Barracks  
  24  2:51  SCV, Liberator  
  24  2:53  Hellion  
  30  3:19  Supply Depot  
  30  3:33  Marine  
  31  3:38  Supply Depot  
  33  3:42  Barracks Tech Lab  
  33  3:47  SCV  
  32  3:52  Marine x2  
  32  3:53  Factory Tech Lab  
  32  3:55  Medivac  
  36  4:07  Marine  
  36  4:08  Stimpack  
  37  4:10  Marine x2  
  37  4:13  SCV  
  40  4:40  Marine x3  
  40  4:42  Siege Tank  
  40  4:44  SCV  
  47  5:03  Command Center  
  47  5:10  Supply Depot  
  47  5:11  Supply Depot  
  47  5:32  SCV, Medivac, Marine x2  
  47  5:34  Supply Depot  
  52  5:42  Marine  
  52  5:44  SCV  
  52  5:49  Marine x2  
  56  6:00  Marine  
  56  6:02  Medivac  
  59  6:07  Marine x2  
  59  6:10  Siege Tank  
  64  6:12  SCV  
  64  6:15  Supply Depot  
  64  6:18  Marine  
  65  6:25  Marine x2  
  68  6:37  Marine  
  72  6:40  Orbital Command  
  72  6:43  SCV, Marine x2  
  78  6:55  SCV  
Show
View Real Time Build Order
Export as new Build Order

ILLBdA Zerg 

Build Orders: Pool First 

Get SALT Encoding   

  12  0:18  Spawning Pool  
  11  0:22  Drone  
  11  0:26  Drone  
  13  0:30  Drone  
  14  0:40  Overlord  
  14  1:04  Zergling x4  
  14  1:05  Zergling x2  
  17  1:19  Zergling x2  
  17  1:23  Hatchery  
  17  1:30  Zergling x2  
  18  1:38  Zergling x2  
  19  1:48  Zergling x2  
  19  1:49  Queen  
  22  2:07  Overlord  
  22  2:20  Evolution Chamber  
  20  2:31  Drone x3  
  20  2:35  Queen  
  25  2:43  Drone  
  25  2:44  Drone  
  27  2:48  Extractor  
  27  2:49  Drone  
  27  2:55  Drone  
  28  3:00  Drone  
  28  3:02  Drone  
  30  3:06  Drone x3  
  33  3:12  Overlord  
  33  3:27  Drone x2  
  33  3:33  Drone x5  
  40  3:42  Drone  
  40  3:44  Extractor  
  40  3:45  Drone x3  
  43  3:49  Overlord  
  41  4:07  Spore Crawler  
  41  4:09  Spore Crawler  
  37  4:10  Spore Crawler  
  37  4:12  Spore Crawler  
  37  4:13  Spore Crawler  
  37  4:14  Spore Crawler  
  37  4:15  Drone x5  
  38  4:18  Drone  
  38  4:33  Drone x6  
  44  4:50  Lair  
  44  4:55  Roach Warren  
  44  4:58  Drone x7  
  50  5:10  Metabolic Boost  
  50  5:14  Overlord  
  50  5:15  Overlord x2  
  50  5:27  Extractor x2  
  48  5:35  Overlord x2  
  50  5:43  Drone x9  
  59  5:51  Burrow  
  59  5:52  Glial Reconstitution  
  57  5:59  Roach x2  
  57  6:00  Roach x3  
  65  6:13  Zergling x10  
  70  6:21  Roach  
  72  6:43  Overlord x3  
  70  6:56  Hatchery  
Tags
 
Add a new tag
Caveats
  • Supply blocks, unpowered buildings, or Contaminate may cause inaccurate times.
  • Supply counts are checked every 10 seconds.